Match 42430816
Unlisted

Match 42430816
End
Royal Engineer Section
Construct Section Command Post
Selects Canadian Shock Battlegroup
Dingo Light Scout Car
Infantry Section
Infantry Section
Selects Attacking Spirit
Selects Canadian Shock Section
Construct Platoon Command Post
Humber Armored Car
Canadian Shock Section
Selects Incendiary Munitions
Humber Armored Car
Grenade Package
6-pounder Anti-tank Gun Team
Construct Company Command Post
Selects Pyrotechnics
Crusader II Medium Tank
Unlock Bishop Self-propelled Artillery
Foot Guards Section
steven.gibbs18
MadMax
0
0

Comments sign in to comment!

No comments posted yet!